 Dungeon Crawl Stone Soup version 0.23.2-1-ga50397a (webtiles) character file.

Game seed: 16461619853106179798

79 troglodite the Chiller (level 4, -2/32 HPs)
             Began as a Merfolk Ice Elementalist on May 28, 2019.
             Slain by a bullfrog (3 damage)
             ... on level 3 of the Dungeon.
             The game lasted 00:07:22 (2809 turns).

troglodite the Chiller (Merfolk Ice Elementalist)   Turns: 2809, Time: 00:07:23

Health: -2/32      AC:  2    Str:  8    XL:     4   Next: 38%
Magic:  4/8        EV: 13    Int: 14    God:
Gold:   139        SH:  0    Dex: 15    Spells: 7/8 levels left

rFire    . . .     SeeInvis +   p - +0 halberd
rCold    . . .     Gourm    +   (shield currently unavailable)
rNeg     . . .     Faith    .   a - +0 robe
rPois    .         Spirit   .   (no helmet)
rElec    .         Reflect  .   (no cloak)
rCorr    .         Harm     .   (no gloves)
MR       .....                  (no boots)
Stlth    ++........             h - amulet of the gourmand
HPRegen  0.10/turn              m - ring of flight
MPRegen  0.11/turn              o - ring of see invisible

@: no status effects
A: change form in water, swift swim, stealthy swim
a: Evoke Flight


You were on level 3 of the Dungeon.
You were very full.

You visited 1 branch of the dungeon, and saw 3 of its levels.

You collected 139 gold pieces.

Inventory:

Hand Weapons
 p - a +0 halberd (weapon)
Missiles
 j - 52 stones (quivered)
Armour
 a - a +0 robe (worn)
Jewellery
 h - an amulet of the gourmand (around neck)
 m - a ring of flight (left hand)
 o - a ring of see invisible (right hand)
Scrolls
 e - 2 scrolls of fog {unknown}
 f - 2 scrolls of remove curse {unknown}
 g - a scroll of amnesia {unknown}
 i - 5 scrolls of identify {unknown}
 q - a scroll of teleportation {unknown}
Potions
 b - a potion of curing {unknown}
 d - 2 potions of heal wounds {unknown}
 k - 2 potions of might {unknown}
 l - a potion of haste {unknown}
 n - 3 potions of lignification {unknown}
Comestibles
 c - 4 rations


   Skills:
 * Level 1.4 Fighting
   Level 0.2 Maces & Flails
 * Level 0.5 Polearms
 * Level 3.2 Dodging
 * Level 2.4 Stealth
 * Level 2.8 Spellcasting
   Level 0.7 Conjurations
 * Level 4.0 Ice Magic


You had 7 spell levels left.
You knew the following spells:

 Your Spells              Type           Power        Failure   Level  Hunger
a - Freeze                Ice            ##..         4%          1    #......

Your spell library contained the following spells:

 Spells                   Type           Power        Failure   Level  Hunger
 Throw Frost              Conj/Ice       #.....       12%         2    ##.....
 Ozocubu's Armour         Chrm/Ice       #.......     28%         3    ###....
 Throw Icicle             Conj/Ice       #.......     63%         4    #####..
 Summon Ice Beast         Ice/Summ       #.......     67%         4    #####..


Dungeon Overview and Level Annotations

Branches:
Dungeon (3/15)

Altars:
Ru


Message History

The bullfrog is severely wounded.
The bullfrog seems to slow down.
The bullfrog closely misses you.
Casting: Freeze (safe; 4% risk of failure)
Confirm with . or Enter, or press ? or * to list all spells.
Aiming: Freeze (safe; 4% risk of failure)
Press: ? - help, Shift-Dir - straight line, f/p - bullfrog
Aim: a bullfrog (severely wounded, slow)
You freeze the bullfrog.
The bullfrog is almost dead.
The bullfrog seems to slow down.
The bullfrog hits you.
* * * LOW HITPOINT WARNING * * *
Casting: Freeze (safe; 4% risk of failure)
Confirm with . or Enter, or press ? or * to list all spells.
Aiming: Freeze (safe; 4% risk of failure)
Press: ? - help, Shift-Dir - straight line, f/p - bullfrog
Aim: a bullfrog (almost dead, slow)
You freeze the bullfrog.
The bullfrog is almost dead.
The bullfrog hits you.
You die...

#.......# ### #.......# #
#...# # #...########## #
#............# .#####
#............# ......
####..)......# .#######
#.........####### #.#
#..........F@...# #.#
######.########.#####.#####
#.# #..............# #.#
#...)..........# ...
#..............### ...
#................. ....
#................. ยง#.
#.......).........
#.................


You could see a bullfrog.

Vanquished Creatures
  3 gnolls (D:2)
  An ooze (D:2)
  2 leopard geckos
  An orc (D:3)
  7 bats
  2 giant cockroaches (D:1)
  7 goblins
  A hobgoblin (D:1)
  4 jackals (D:1)
  6 kobolds
  A quokka (D:2)
  5 frilled lizards
  3 rats
43 creatures vanquished.

Notes
Turn   | Place    | Note
-------+----------+-------------------------------------------
     0 | D:1      | troglodite the Merfolk Ice Elementalist began the quest for
                  | the Orb.
     0 | D:1      | Reached XP level 1. HP: 13/13 MP: 3/3
   181 | D:1      | Reached XP level 2. HP: 12/19 MP: 1/5
   610 | D:1      | Reached skill level 1 in Fighting
  1063 | D:1      | Reached XP level 3. HP: 19/26 MP: 1/6
  2128 | D:2      | Reached skill level 4 in Ice Magic
  2128 | D:2      | Reached XP level 4. HP: 22/32 MP: 3/8
  2718 | D:3      | Found a sacrificial altar of Ru.
  2789 | D:3      | Noticed a bullfrog
  2808 | D:3      | HP: 1/32 [bullfrog (3)]
  2809 | D:3      | Slain by a bullfrog

Skill      XL: |  1  2  3 |
---------------+----------+-----
Dodging        | 3 |  3.2
Fighting       | 1 |  1.4
Ice Magic      | 4 |  4.0
Maces & Flails | |  0.2
Polearms       | |  0.5
Stealth        | |  2.4
Spellcasting   | |  2.8
Conjurations   | |  0.7

Action                   |  1- 3 |  4- 6 || total
-------------------------+-------+-------++-------
Melee: Unarmed           |    52 |       ||    52
       Club              |    12 |       ||    12
       Halberd           |       |    45 ||    45
 Cast: Freeze            |    49 |     5 ||    54
 Stab: Sleeping          |       |     2 ||     2
  Eat: Chunk             |    10 |     7 ||    17
Armor: Robe              |    18 |     8 ||    26
Dodge: Dodged            |   108 |    31 ||   139
